 Dungeon Crawl Stone Soup version 0.30.0-15-g856e2d3f33 (webtiles) character file.

Game seed: 4450460645740822539

2907 Devilnaut the Slicer (level 9, 0/62 HPs)
             Began as a Demonspawn Gladiator on May 19, 2023.
             Was a Follower of Hepliaklqana.
             Shot with a bolt by an orc warrior (5 damage)
             ... on level 7 of the Dungeon.
             The game lasted 00:27:11 (7129 turns).

Devilnaut the Slicer (Demonspawn Gladiator)         Turns: 7129, Time: 00:27:11

Health: 0/62       AC: 16    Str: 25    XL:     9   Next: 49%
Magic:  0/11       EV: 13    Int: 16    God:    Hepliaklqana [*.....]
Gold:   479        SH:  0    Dex: 21    Spells: 8/8 levels left

rFire   . . .        a - +0 rapier
rCold   . . .        (no shield)
rNeg    . . .        F - +2 ring mail of Jiowellusm {Str+4 Int+3}
rPois   .            (helmet restricted)
rElec   .            A - +0 cloak
rCorr   .            (no gloves)
SInv    .            v - +0 pair of boots
Will    .....        y - amulet of guardian spirit
Stlth   +            j - +6 ring of dexterity
HPRegen 0.30/turn    i - +6 ring of strength
MPRegen 0.24/turn

%: guardian spirit
@: sanguine armoured
A: reduced essence, horns 1, magic regeneration, sanguine armour 1
a: Renounce Religion, Recall Ancestor, Ancestor Identity


You were on level 7 of the Dungeon.
You worshipped Hepliaklqana.
Hepliaklqana was aware of your devotion.
You visited 1 branch of the dungeon, and saw 7 of its levels.

You collected 479 gold pieces.

Inventory:

Hand Weapons
 a - a +0 rapier (weapon)
 C - the +7 hand axe "Sois" {freeze, rElec}
   (You found it on level 5 of the Dungeon)

   rElec:     It insulates you from electricity.
 I - a +3 falchion of freezing
Missiles
 e - 3 javelins (quivered)
Armour
 q - a +0 chain mail
 v - a +0 pair of boots (worn)
 z - the +1 robe of the Trees {+Blink rCorr}
   (You found it on level 4 of the Dungeon)

   +Blink:    It lets you blink.
   rCorr:     It protects you from acid and corrosion.
 A - a +0 cloak (worn)
 F - the +2 ring mail of Jiowellusm (worn) {Str+4 Int+3}
   (You found it on level 4 of the Dungeon)

   Str:       It affects your strength (+4).
   Int:       It affects your intelligence (+3).
Jewellery
 i - a +6 ring of strength (right hand)
 j - a +6 ring of dexterity (left hand)
 r - a ring of magical power
 s - a ring of see invisible
 y - an amulet of guardian spirit (around neck)
 H - a ring of flight
Wands
 p - a wand of flame (38)
 D - a wand of polymorph (11)
 G - a wand of charming (4)
Scrolls
 c - a scroll of acquirement {unknown}
 d - a scroll of vulnerability {unknown}
 l - 2 scrolls of magic mapping {unknown}
 o - a scroll of identify
 t - a scroll of immolation
 u - 2 scrolls of silence {unknown}
 x - a scroll of fear {unknown}
 B - a scroll of teleportation {unknown}
 E - 2 scrolls of torment {unknown}
Potions
 b - 2 potions of curing
 f - 3 potions of flight
 g - 2 potions of mutation {unknown}
 h - 2 potions of brilliance
 k - 2 potions of haste
 m - a potion of resistance
 n - a potion of lignification {unknown}
 w - a potion of might {unknown}


   Skills:
 - Level 6.0 Fighting
 - Level 8.0 Short Blades
 - Level 1.7 Throwing
 - Level 4.0 Armour
 - Level 3.4 Dodging
 * Level 3.0 Invocations
 - Level 6.2 Evocations


You had 8 spell levels left.
You didn't know any spells.
Your spell library contained the following spells:

 Spells                   Type           Power      Damage    Failure   Level
 Freeze                   Ice            0%         1d3       36%         1
 Cigotuvi's Dreadful Rot  Necr/Pois/Air  0%         N/A       50%         2
 Ensorcelled Hibernation  Hex/Ice        0%         N/A       50%         2
 Passwall                 Tmut/Erth      0%         N/A       50%         2
 Frozen Ramparts          Ice            0%         1d1       73%         3
 Hailstorm                Conj/Ice       0%         3d3       73%         3
 Ignite Poison            Fire/Tmut/Pois 0%         N/A       73%         3
 Ozocubu's Armour         Ice            0%         N/A       73%         3
 Swiftness                Air            0%         N/A       73%         3
 Freezing Cloud           Conj/Ice/Air   0%         6-21      100%        5
 Ozocubu's Refrigeration  Ice            0%         4d7       100%        7


Dungeon Overview and Level Annotations

Branches:
Dungeon (7/15)             Temple (0/1) D:7

Altars:
Gozag
Hepliaklqana
Makhleb
Okawaru
Trog
Xom
Yredelemnul

Annotations:
D:5 Prince Ribbit


Innate Abilities, Weirdness & Mutations

Your life essence is reduced to manifest your ancestor. (-10% HP)
You have a pair of small horns on your head.
You regenerate magic rapidly.
When seriously injured, your blood forms armour. (AC +6)


Message History

Illuratum hits the orc warrior but does no damage.
Your Short Blades skill increases to level 8!
Okay, then.
The orc warrior unwields a +0 battleaxe.
The orc warrior wields a +0 arbalest.
The orc warrior shoots a bolt.
The bolt barely misses Illuratum.
The bolt hits you but does no damage.
Illuratum hits the orc warrior.
The orc wizard hits Illuratum with a +0 dagger.
A white imp comes into view.
The ogre attacks as you move away! The ogre closely misses you.
Illuratum hits the orc wizard.
The orc wizard completely misses Illuratum.
Illuratum barely misses the orc wizard.
The orc wizard hits Illuratum with a +0 dagger.
The ogre attacks as you move away! The ogre barely misses you.
Illuratum misses the orc wizard.
The orc warrior shoots a bolt.
The bolt misses you.
Illuratum hits the orc wizard.
The white imp gestures at you.
The puff of frost hits Illuratum.
Illuratum resists.
The orc wizard hits Illuratum with a +0 dagger.
Illuratum misses the orc wizard.
The orc warrior shoots a bolt.
The bolt hits you!
The orc wizard hits Illuratum but does no damage.
Illuratum misses the orc wizard.
The orc warrior shoots a bolt.
The bolt hits you!
* * * LOW HITPOINT WARNING * * *
The orc wizard gestures wildly while chanting.
The orc wizard flickers and vanishes!
Deactivating autopickup; reactivate with Ctrl-A.
The orc warrior shoots a bolt.
The bolt barely misses you.
Illuratum hits the orc warrior but does no damage.
The orc warrior shoots a bolt.
The bolt completely misses you. The ogre attacks as you move away!
The ogre hits you with a +0 giant club!!
* * * LOW HITPOINT WARNING * * *
Illuratum hits the orc warrior but does no damage.
The orc warrior shoots a bolt.
The bolt hits you.
You die...

#....5...# #....... #........#
#.......
#.....Ro.##############.......
#...............^.............
#.............................
#.............................
#..............[.......#######
#..........O...........#
#.....#######@....###+## #.....#
#.....# #.....# ##.....# ....
#.....# #......# #...#
####.....### #......######...##
...#.......# #######......#....#
...'.......# ##_## #......#....#
...#.......##8...8 #......#....#
...#.......##.....##......#....#


You could see the friendly Illuratum the ancestor, an orc warrior (ally target)
and an ogre.

Vanquished Creatures
  Pikel (D:4)
  Sigmund (D:4)
  The ghost of AverageBear the Sneak, an amateur OpFi (D:4)
  Duvessa (D:5)
  A water moccasin (D:5)
  Pargi (D:3)
  An ice beast (D:5)
  An ogre (D:4)
  A centaur (D:5)
  A lemure (D:5)
  A phantom (D:6)
  Blork the orc (D:4)
  2 bullfrogs
  A gnoll sergeant (D:7)
  5 wights
  2 scorpions (D:5)
  Dowan (D:5)
  A howler monkey (D:4)
  A jelly (D:6)
  5 hounds
  An orc priest (D:7)
  2 sleepcaps (D:5)
  3 orc wizards
  4 iguanas
  14 adders
  11 gnolls
  A shadow imp (D:5)
  A white imp (D:6)
  A worm (D:3)
  2 dart slugs
  10 orcs
  4 endoplasms
  3 giant cockroaches
  13 goblins
  8 hobgoblins
  9 jackals
  4 quokkas
  9 ball pythons
  4 bats
  8 frilled lizards
  9 kobolds
  8 rats
159 creatures vanquished.

Notes
Turn   | Place    | Note
-------+----------+-------------------------------------------
     0 | D:1      | Devilnaut the Demonspawn Gladiator began the quest for the
                  | Orb.
     0 | D:1      | Reached XP level 1. HP: 16/16 MP: 1/1
   170 | D:1      | Reached skill level 3 in Short Blades
   222 | D:1      | Gained mutation: You regenerate magic rapidly. [demonic
                  | ancestry]
   222 | D:1      | Reached XP level 2. HP: 20/22 MP: 2/2
  1055 | D:1      | Gained mutation: You have a pair of small horns on your
                  | head. [demonic ancestry]
  1055 | D:1      | Reached XP level 3. HP: 26/27 MP: 3/3
  1352 | D:2      | Reached skill level 4 in Short Blades
  1745 | D:2      | Reached XP level 4. HP: 31/33 MP: 4/4
  2191 | D:3      | Reached skill level 5 in Short Blades
  2336 | D:3      | Reached skill level 1 in Armour
  2670 | D:3      | Found an iron altar of Okawaru.
  2723 | D:4      | Noticed Sigmund
  2773 | D:4      | Found an opulent altar of Gozag.
  2882 | D:4      | Killed Sigmund
  2883 | D:4      | Reached XP level 5. HP: 41/41 MP: 5/5
  2883 | D:4      | Reached XP level 6. HP: 47/47 MP: 6/6
  2918 | D:4      | Noticed Pargi
  2942 | D:3      | Killed Pargi
  3126 | D:4      | Identified the +1 robe of the Trees {+Blink rCorr}
  3155 | D:4      | Noticed Pikel
  3176 | D:5      | Entered Level 5 of the Dungeon
  3299 | D:5      | Reached XP level 7. HP: 36/54 MP: 5/7
  3478 | D:5      | Noticed Duvessa
  3479 | D:5      | Noticed Dowan
  3492 | D:5      | Killed Duvessa
  3497 | D:5      | Killed Dowan
  3725 | D:5      | Identified the +7 hand axe "Sois" {freeze, rElec}
  3812 | D:5      | Reached skill level 6 in Short Blades
  4040 | D:5      | Gained mutation: When seriously injured, your blood forms
                  | armour. (AC +6) [demonic ancestry]
  4040 | D:5      | Reached XP level 8. HP: 58/60 MP: 6/8
  4289 | D:5      | Reached skill level 7 in Short Blades
  4391 | D:5      | Reached skill level 5 in Fighting
  4406 | D:6      | Noticed Prince Ribbit
  4746 | D:6      | Reached skill level 1 in Evocations
  5013 | D:4      | Found a basalt altar of Yredelemnul.
  5013 | D:4      | Noticed Blork the orc
  5018 | D:4      | Found a hazy altar of Hepliaklqana.
  5019 | D:4      | Killed Blork the orc
  5106 | D:4      | Found a transporter.
  5109 | D:4      | Found a transporter.
  5109 | D:4      | Noticed AverageBear's ghost (amateur OpFi)
  5188 | D:4      | Killed Pikel
  5189 | D:4      | Reached skill level 5 in Evocations
  5189 | D:4      | Reached XP level 9. HP: 41/69 MP: 6/9
  5481 | D:4      | Killed AverageBear's ghost
  5492 | D:4      | Identified the +2 ring mail of Jiowellusm {Str+4 Int+3}
  5579 | D:4      | Became a worshipper of Hepliaklqana the Forgotten
  5904 | D:6      | Reached skill level 1 in Invocations
  6880 | D:7      | Found a shimmering altar of Xom.
  6883 | D:7      | Found a burning altar of Makhleb.
  6947 | D:7      | Reached * piety under Hepliaklqana
  6974 | D:7      | Found a bloodstained altar of Trog.
  7015 | D:7      | Found a staircase to the Ecumenical Temple.
  7117 | D:7      | Reached skill level 8 in Short Blades
  7129 | D:7      | Shot with a bolt by an orc warrior

Illustrated notes

Levels and vault maps discovered:
D:1:      ncdulo_watergridlock, layout_loops_corners, corexii_leaking_fountain,
          minmay_misc_feat_iff, minmay_stone_trees_small,
          minmay_misc_feat_hallway, st_stairs_11, chequers_jeans,
          kennysheep_minor_cross
D:2:      layout_basic, minmay_pentomino_z4
D:3:      layout_loops_ring, general_overflow_altar
D:4:      layout_cave_pools, mainiacjoe_overflow_divided_tiny,
          nicolae_gozag_seed_capital, gammafunk_ghost_smash, uniq_sigmund,
          uniq_pikel, uniq_pargi, uniq_blork_the_orc
D:5:      layout_loops_corners, minmay_misc_feat_cross, st_stairs_9,
          uniq_duvessa
D:6:      layout_rooms, grunt_ministairs_12, uniq_prince_ribbit1
D:7:      layout_gridville, nicolae_overflow_hidden_temple,
          lemuel_temple_firewalk_b

Skill      XL: |  1  2  3  4  5  6  7  8  9 |
---------------+----------------------------+-----
Short Blades   | 3 4 5 6 7 8 |  8.0
Armour         | 2 3 4 |  4.0
Fighting       | 3 4 6 |  6.0
Dodging        | 3 |  3.4
Evocations     | 5 6 |  6.2
Invocations    | 3 |  3.0
Throwing       | |  1.7

Action                     |  1- 3 |  4- 6 |  7- 9 || total
---------------------------+-------+-------+-------++-------
  Melee: Rapier            |   172 |   122 |   368 ||   662
         Punch             |     2 |     3 |     7 ||    12
         Headbutt          |     9 |    22 |    97 ||   128
  Throw: Throwing net      |       |     4 |     1 ||     5
         Javelin           |       |       |     1 ||     1
 Invoke: Ancestor Identity |       |       |     1 ||     1
  Evoke: Wand              |       |       |    10 ||    10
    Use: Scroll            |       |     5 |     3 ||     8
         Potion            |       |     1 |       ||     1
   Stab: Held in net/web   |       |     2 |     1 ||     3
         Sleeping          |       |       |     1 ||     1
 Armour: Leather armour    |    39 |       |       ||    39
         Chain mail        |     3 |    52 |   128 ||   183
         Ring mail         |       |       |    33 ||    33
  Dodge: Dodged            |   135 |    64 |   195 ||   394
